TOP OF THE 1ST |
Butte Copper Kings batting - Pitching for Medicine Hat Blue Jays : RHP Kevin Grubbs
|
Pitching: RHP Kevin Grubbs
|
|
Batting: SHB Herman Lewis
|
0-0: Fly out, F4 (Flyball, 4MD, EV 85.6 MPH)
|
Batting: LHB Jack Foley
|
0-0: Ball 1-0: Ball 2-0: Ball 3-0: Swinging Strike 3-1: Ground out 5-3 (Groundball, 5, EV 99.4 MPH)
|
Now at 3B: Daniel Shanahan
|
|
Batting: LHB Ricky Nelson
|
0-0: SINGLE (Line Drive, 89S, EV 93.8 MPH)
|
Batting: LHB Jeff Williams
|
0-0: Ball Ricky Nelson is caught stealing 2nd base 2-6
|
Top of the 1st over - 0 runs, 1 hit, 0 errors, 0 left on base; Butte 0 - Medicine Hat 0 |
BOTTOM OF THE 1ST |
Medicine Hat Blue Jays batting - Pitching for Butte Copper Kings : RHP Doug Cook
|
Pitching: RHP Doug Cook
|
|
Batting: SHB Bernie Tatis
|
0-0: Called Strike 0-1: Ball 1-1: Bunt for hit to 15 - play at first, batter OUT! 1-3
|
Batting: RHB William Ereu
|
0-0: Ball 1-0: Ground out 6-3 (Groundball, 6, EV 106.3 MPH)
|
Batting: LHB Jon Jimenez
|
0-0: Ground out 6-3 (Groundball, 6S, EV 86.3 MPH)
|
Bottom of the 1st over - 0 runs, 0 hits, 0 errors, 0 left on base; Butte 0 - Medicine Hat 0 |
TOP OF THE 2ND |
Butte Copper Kings batting - Pitching for Medicine Hat Blue Jays : RHP Kevin Grubbs
|
Batting: LHB Jeff Williams
|
0-0: Fly out, F4 (Line Drive, 4, EV 74.4 MPH)
|
Batting: RHB William Butler
|
0-0: Ground out 6-3 (Groundball, 6M, EV 86.9 MPH)
|
Batting: SHB Eddie Tanner
|
0-0: Swinging Strike 0-1: Ball 1-1: Ball 2-1: SINGLE (Groundball, 6MS, EV 85.6 MPH) (infield hit)
|
Batting: SHB Joseph Henderson
|
0-0: Ball 1-0: Foul Ball, location: 2F 1-1: Foul Ball, location: 2F 1-2: Foul Ball, location: 2F 1-2: Strikes out swinging
|
Top of the 2nd over - 0 runs, 1 hit, 0 errors, 1 left on base; Butte 0 - Medicine Hat 0 |
BOTTOM OF THE 2ND |
Medicine Hat Blue Jays batting - Pitching for Butte Copper Kings : RHP Doug Cook
|
Batting: SHB Harold Reynolds
|
0-0: Called Strike 0-1: Ball 1-1: Ball 2-1: Foul Ball, location: 2F 2-2: SINGLE (Line Drive, 89S, EV 88.1 MPH)
|
Batting: RHB Willie Rodriguez
|
0-0: Ball 1-0: Ball Harold Reynolds is caught stealing 2nd base 2-4 2-0: Ground out 2-3 (Groundball, 13S, EV 70.0 MPH)
|
Batting: LHB Kevin O'Brien
|
0-0: Swinging Strike 0-1: Ball 1-1: Ground out 1-3 (Groundball, 34S, EV 86.3 MPH)
|
Bottom of the 2nd over - 0 runs, 1 hit, 0 errors, 0 left on base; Butte 0 - Medicine Hat 0 |
TOP OF THE 3RD |
Butte Copper Kings batting - Pitching for Medicine Hat Blue Jays : RHP Kevin Grubbs
|
Batting: LHB Ricky Seilheimer
|
0-0: Ground out 4-3 (Groundball, 4, EV 88.1 MPH)
|
Batting: RHB Jose Matos
|
0-0: Ball 1-0: Ball 2-0: Foul Ball, location: 2F 2-1: SINGLE (Groundball, 34D, EV 98.1 MPH)
|
Batting: SHB Herman Lewis
|
0-0: Ball 1-0: Ball 2-0: Called Strike 2-1: Foul Ball, location: 2F 2-2: Ball 3-2: Fielders Choice at 2nd, 4-6 (Groundball, 34D, EV 88.1 MPH)
|
Batting: LHB Jack Foley
|
0-0: Called Strike Herman Lewis steals 2nd base (no throw) 0-1: Ball 1-1: Ball 2-1: Ball 3-1: Base on Balls
|
Batting: LHB Ricky Nelson
|
0-0: Swinging Strike 0-1: Called Strike 0-2: Strikes out looking
|
Top of the 3rd over - 0 runs, 1 hit, 0 errors, 2 left on base; Butte 0 - Medicine Hat 0 |
BOTTOM OF THE 3RD |
Medicine Hat Blue Jays batting - Pitching for Butte Copper Kings : RHP Doug Cook
|
Batting: LHB Daniel Shanahan
|
0-0: Called Strike 0-1: Swinging Strike 0-2: Fly out, F8 (Flyball, 89D, EV 84.4 MPH)
|
Batting: RHB Stephen Maples
|
0-0: Foul Ball, location: 2F 0-1: Ball 1-1: Ground out 5-3 (Groundball, 56S, EV 76.3 MPH)
|
Batting: RHB Michael Byars
|
0-0: Called Strike 0-1: Ball 1-1: Reached on error, E3 (Groundball, 34, EV 78.1 MPH)
|
Batting: SHB Bernie Tatis
|
0-0: Ball 1-0: Ball 2-0: Ball 3-0: Called Strike 3-1: Swinging Strike 3-2: Base on Balls Michael Byars to second
|
Batting: RHB William Ereu
|
0-0: SINGLE (Groundball, 56D, EV 95.0 MPH) Michael Byars to third Bernie Tatis to second Runner from 3rd tries for Home, SAFE, no throw by LF
|
Batting: LHB Jon Jimenez
|
0-0: Ball 1-0: Foul Ball, location: 2F 1-1: Ball 2-1: Called Strike 2-2: Ground out U3 (Groundball, 34S, EV 89.4 MPH)
|
Bottom of the 3rd over - 1 run, 1 hit, 1 error, 2 left on base; Butte 0 - Medicine Hat 1 |
TOP OF THE 4TH |
Butte Copper Kings batting - Pitching for Medicine Hat Blue Jays : RHP Kevin Grubbs
|
Batting: LHB Jeff Williams
|
0-0: Called Strike 0-1: Swinging Strike 0-2: Ball 1-2: Ball 2-2: Strikes out swinging
|
Batting: RHB William Butler
|
0-0: Ball 1-0: Ball 2-0: Foul Ball, location: 2F 2-1: Ground out 6-3 (Groundball, 56, EV 108.8 MPH)
|
Batting: SHB Eddie Tanner
|
0-0: Ground out 4-3 (Groundball, 4, EV 79.4 MPH)
|
Top of the 4th over - 0 runs, 0 hits, 0 errors, 0 left on base; Butte 0 - Medicine Hat 1 |
BOTTOM OF THE 4TH |
Medicine Hat Blue Jays batting - Pitching for Butte Copper Kings : RHP Doug Cook
|
Batting: SHB Harold Reynolds
|
0-0: Ground out U3 (Groundball, 3, EV 89.4 MPH)
|
Batting: RHB Willie Rodriguez
|
0-0: Ball 1-0: Swinging Strike 1-1: Called Strike 1-2: Ball 2-2: Strikes out swinging
|
Batting: LHB Kevin O'Brien
|
0-0: Called Strike 0-1: Ball 1-1: Ball 2-1: Foul Ball, location: 2F 2-2: Ball 3-2: Foul Ball, location: 2F 3-2: Ground out 4-3 (Groundball, 4, EV 101.9 MPH)
|
Bottom of the 4th over - 0 runs, 0 hits, 0 errors, 0 left on base; Butte 0 - Medicine Hat 1 |
TOP OF THE 5TH |
Butte Copper Kings batting - Pitching for Medicine Hat Blue Jays : RHP Kevin Grubbs
|
Batting: SHB Joseph Henderson
|
0-0: Ball 1-0: SINGLE (Groundball, 34D, EV 95.6 MPH)
|
Batting: LHB Ricky Seilheimer
|
0-0: Called Strike 0-1: Ball 1-1: Ball 2-1: Ball 3-1: Called Strike 3-2: Base on Balls Joseph Henderson to second
|
Batting: RHB Jose Matos
|
0-0: Ball 1-0: Ball 2-0: Ball 3-0: Base on Balls Joseph Henderson to third Ricky Seilheimer to second
|
Batting: SHB Herman Lewis
|
0-0: Ball 1-0: Called Strike 1-1: Foul Ball, location: 2F 1-2: Foul Ball, location: 2F 1-2: Ball 2-2: Foul Ball, location: 2F 2-2: Foul Ball, location: 2F 2-2: DOUBLE (Line Drive, 9LM, EV 102.5 MPH) Joseph Henderson scores Ricky Seilheimer scores Jose Matos to third
|
Batting: LHB Jack Foley
|
0-0: Ball 1-0: Ground out 1-3 (Groundball, 13, EV 77.5 MPH)
|
Batting: LHB Ricky Nelson
|
0-0: Ball 1-0: Called Strike 1-1: Ball 2-1: Ball 3-1: Foul Ball, location: 2F 3-2: Strikes out swinging
|
Batting: LHB Jeff Williams
|
0-0: Ball 1-0: Ball 2-0: Fly out, F7 (Flyball, 7S, EV 83.8 MPH)
|
Top of the 5th over - 2 runs, 2 hits, 0 errors, 2 left on base; Butte 2 - Medicine Hat 1 |
BOTTOM OF THE 5TH |
Medicine Hat Blue Jays batting - Pitching for Butte Copper Kings : RHP Doug Cook
|
Batting: LHB Daniel Shanahan
|
0-0: Ball 1-0: Called Strike 1-1: Called Strike 1-2: Ball 2-2: Ball 3-2: SINGLE (Line Drive, 89S, EV 97.5 MPH)
|
Batting: RHB Stephen Maples
|
0-0: Sac Bunt to 15 - play at first, batter OUT! 1-3 Daniel Shanahan to second
|
Batting: RHB Michael Byars
|
0-0: Called Strike 0-1: Fly out, F9 (Flyball, 89D, EV 94.4 MPH)
|
Batting: SHB Bernie Tatis
|
0-0: Ball 1-0: Ball 2-0: Fly out, F9 (Flyball, 9, EV 91.9 MPH)
|
Bottom of the 5th over - 0 runs, 1 hit, 0 errors, 1 left on base; Butte 2 - Medicine Hat 1 |
TOP OF THE 6TH |
Butte Copper Kings batting - Pitching for Medicine Hat Blue Jays : RHP Kevin Grubbs
|
Batting: RHB William Butler
|
0-0: Called Strike 0-1: Ball 1-1: Foul Ball, location: 2F 1-2: Strikes out looking
|
Batting: SHB Eddie Tanner
|
0-0: Fly out, F8 (Line Drive, 8LD, EV 104.4 MPH)
|
Batting: SHB Joseph Henderson
|
0-0: Ball 1-0: Called Strike 1-1: SINGLE (Groundball, 6MD, EV 94.4 MPH)
|
Batting: LHB Ricky Seilheimer
|
0-0: Ball 1-0: Foul Ball, location: 2F 1-1: Ground out U3 (Groundball, 3S, EV 94.4 MPH)
|
Top of the 6th over - 0 runs, 1 hit, 0 errors, 1 left on base; Butte 2 - Medicine Hat 1 |
BOTTOM OF THE 6TH |
Medicine Hat Blue Jays batting - Pitching for Butte Copper Kings : RHP Doug Cook
|
Batting: RHB William Ereu
|
0-0: Ground out U3 (Groundball, 3, EV 78.8 MPH)
|
Batting: LHB Jon Jimenez
|
0-0: Ball 1-0: Ball 2-0: Ball 3-0: Base on Balls
|
Batting: SHB Harold Reynolds
|
0-0: Ball Wild Pitch! Jon Jimenez to second 1-0: Foul Ball, location: 2F 1-1: Ball 2-1: Ground out 4-3 (Groundball, 4, EV 88.8 MPH) Jon Jimenez to third
|
Batting: RHB Willie Rodriguez
|
0-0: Ball 1-0: Foul Ball, location: 2F 1-1: Ball 2-1: Swinging Strike 2-2: Ball 3-2: Strikes out looking
|
Bottom of the 6th over - 0 runs, 0 hits, 0 errors, 1 left on base; Butte 2 - Medicine Hat 1 |
TOP OF THE 7TH |
Butte Copper Kings batting - Pitching for Medicine Hat Blue Jays : RHP Kevin Grubbs
|
Batting: RHB Jose Matos
|
0-0: Ball 1-0: Called Strike 1-1: Foul Ball, location: 2F 1-2: Fly out, F7 (Flyball, 7D, EV 86.9 MPH)
|
Batting: SHB Herman Lewis
|
0-0: Ball 1-0: Called Strike 1-1: Called Strike 1-2: Foul Ball, location: 2F 1-2: Ball 2-2: SINGLE (Groundball, 56, EV 101.9 MPH) (infield hit)
|
Pitching: RHP David Andrews
|
|
Batting: LHB Jack Foley
|
0-0: Ball 1-0: Foul Ball, location: 2F 1-1: Ball 2-1: Fielders Choice at 2nd, 4-6 (Groundball, 4, EV 85.6 MPH)
|
Batting: LHB Ricky Nelson
|
0-0: Ball 1-0: Called Strike Jack Foley is caught stealing 2nd base 2-6
|
Top of the 7th over - 0 runs, 1 hit, 0 errors, 0 left on base; Butte 2 - Medicine Hat 1 |
BOTTOM OF THE 7TH |
Medicine Hat Blue Jays batting - Pitching for Butte Copper Kings : RHP Doug Cook
|
Batting: LHB Kevin O'Brien
|
0-0: Foul Ball, location: 2F 0-1: SINGLE (Groundball, 4M, EV 97.5 MPH) (infield hit)
|
Batting: LHB Daniel Shanahan
|
0-0: Ball 1-0: Ball 2-0: Ball 3-0: Called Strike 3-1: Foul Ball, location: 2F 3-2: Base on Balls Kevin O'Brien to second
|
Batting: RHB Stephen Maples
|
0-0: Ball 1-0: Bunted foul 1-1: Sac Bunt to 23 - play at first, batter OUT! 3-4 Kevin O'Brien to third Daniel Shanahan to second
|
Batting: RHB Michael Byars
|
0-0: Called Strike 0-1: Ground out U3 (Groundball, 34, EV 106.3 MPH) Kevin O'Brien scores Daniel Shanahan to third
|
Batting: SHB Bernie Tatis
|
0-0: Called Strike 0-1: Called Strike 0-2: Foul Ball, location: 2F 0-2: Ball 1-2: Ball 2-2: Foul Ball, location: 2F 2-2: Ball 3-2: Foul Ball, location: 2F 3-2: Foul Ball, location: 2F 3-2: Base on Balls
|
Batting: RHB William Ereu
|
0-0: Ball 1-0: Fielders Choice at 2nd, 6-4 (Groundball, 6, EV 91.3 MPH)
|
Bottom of the 7th over - 1 run, 1 hit, 0 errors, 2 left on base; Butte 2 - Medicine Hat 2 |
TOP OF THE 8TH |
Butte Copper Kings batting - Pitching for Medicine Hat Blue Jays : RHP David Andrews
|
Batting: LHB Ricky Nelson
|
0-0: Ground out U3 (Groundball, 3, EV 88.1 MPH)
|
Batting: LHB Jeff Williams
|
0-0: Swinging Strike 0-1: Called Strike 0-2: Ball 1-2: Ball 2-2: Ground out 4-3 (Groundball, 4M, EV 105.0 MPH)
|
Batting: RHB William Butler
|
0-0: Ball 1-0: Foul Ball, location: 2F 1-1: Foul Ball, location: 2F 1-2: Fly out, F3 (Popup, 3SF, EV 83.8 MPH)
|
Top of the 8th over - 0 runs, 0 hits, 0 errors, 0 left on base; Butte 2 - Medicine Hat 2 |
BOTTOM OF THE 8TH |
Medicine Hat Blue Jays batting - Pitching for Butte Copper Kings : RHP Doug Cook
|
Batting: LHB Jon Jimenez
|
0-0: Ball 1-0: Fly out, F8 (Flyball, 8LD, EV 105.6 MPH)
|
Batting: SHB Harold Reynolds
|
0-0: Foul Ball, location: 2F 0-1: Ground out 1-3 (Groundball, 13, EV 89.4 MPH)
|
Batting: RHB Willie Rodriguez
|
0-0: DOUBLE (Line Drive, 78D, EV 105.0 MPH)
|
Batting: LHB Kevin O'Brien
|
0-0: Called Strike 0-1: Ground out 4-3 (Groundball, 4S, EV 83.8 MPH)
|
Bottom of the 8th over - 0 runs, 1 hit, 0 errors, 1 left on base; Butte 2 - Medicine Hat 2 |
TOP OF THE 9TH |
Butte Copper Kings batting - Pitching for Medicine Hat Blue Jays : RHP David Andrews
|
Pitching: RHP Steven Klutcharch
|
|
Pinch Hitting: LHB Marvin Ward
|
0-0: Swinging Strike 0-1: Foul Ball, location: 2F 0-2: SINGLE (Line Drive, 8LS, EV 90.0 MPH)
|
Batting: SHB Joseph Henderson
|
0-0: Fly out, F8 (Flyball, 78D, EV 105.6 MPH)
|
Batting: LHB Ricky Seilheimer
|
0-0: Ball 1-0: Ball 2-0: Ball 3-0: Called Strike 3-1: Base on Balls Marvin Ward to second
|
Pinch Hitting: RHB Juan Delgado
|
0-0: Ball 1-0: Ball 2-0: Called Strike 2-1: Fly out, F6 (Popup, 6M, EV 54.4 MPH)
|
Batting: SHB Herman Lewis
|
0-0: Called Strike 0-1: Ball 1-1: Called Strike 1-2: Ball 2-2: Ground out 6-3 (Groundball, 6S, EV 79.4 MPH)
|
Top of the 9th over - 0 runs, 1 hit, 0 errors, 2 left on base; Butte 2 - Medicine Hat 2 |
BOTTOM OF THE 9TH |
Medicine Hat Blue Jays batting - Pitching for Butte Copper Kings : RHP Doug Cook
|
Pitching: RHP Mario Duran
|
|
Now at 2B: Bruce Chaney
|
|
Now at 3B: Juan Delgado
|
|
Batting: LHB Daniel Shanahan
|
0-0: Called Strike 0-1: Ball 1-1: Foul Ball, location: 2F 1-2: Ball 2-2: Strikes out looking
|
Pinch Hitting: RHB Rene Marchand
|
0-0: Ground out 6-3 (Groundball, 6, EV 84.4 MPH)
|
Batting: RHB Michael Byars
|
0-0: Ball 1-0: Swinging Strike 1-1: Foul Ball, location: 2F 1-2: Strikes out swinging
|
Bottom of the 9th over - 0 runs, 0 hits, 0 errors, 0 left on base; Butte 2 - Medicine Hat 2 |
TOP OF THE 10TH |
Butte Copper Kings batting - Pitching for Medicine Hat Blue Jays : RHP Steven Klutcharch
|
Now at C: James Gonzales
|
|
Batting: LHB Jack Foley
|
0-0: Fly out, F5 (Line Drive, 5, EV 65.0 MPH)
|
Batting: LHB Ricky Nelson
|
0-0: Ball 1-0: Ball 2-0: Ball 3-0: Base on Balls
|
Pitching: RHP Marty Decker
|
|
Batting: LHB Jeff Williams
|
0-0: Ball 1-0: Called Strike 1-1: Ball 2-1: Fly out, F7 (Flyball, 78S, EV 80.6 MPH)
|
Pinch Hitting: LHB Dan O'Regan
|
0-0: Ball 1-0: Ball 2-0: Called Strike 2-1: Fly out, F7 (Line Drive, 7, EV 93.8 MPH)
|
Top of the 10th over - 0 runs, 0 hits, 0 errors, 1 left on base; Butte 2 - Medicine Hat 2 |
BOTTOM OF THE 10TH |
Medicine Hat Blue Jays batting - Pitching for Butte Copper Kings : RHP Mario Duran
|
Now at SS: John Nicolo
|
|
Batting: SHB Bernie Tatis
|
0-0: Foul Ball, location: 2F 0-1: Ball 1-1: Foul Ball, location: 2F 1-2: Foul Ball, location: 2F 1-2: Ball 2-2: Ground out 6-3 (Groundball, 6, EV 90.6 MPH)
|
Batting: RHB William Ereu
|
0-0: Reached on error, E1 (Groundball, 25, EV 92.5 MPH)
|
Batting: LHB Jon Jimenez
|
0-0: Ball 1-0: Called Strike 1-1: Called Strike 1-2: DOUBLE (Line Drive, 5D, EV 103.1 MPH) William Ereu scores
|
|
Friday, August 14th, 2020 - OOTP Baseball 21.5 Build 76
|
|